 Dungeon Crawl Stone Soup version 0.30-a0-634-g8abc85282e (webtiles) character file.

Game seed: 14621003552394760948

217 Vylera the Slasher (level 5, -1/38 HPs)
             Began as a Demonspawn Gladiator on Jan 15, 2023.
             Slain by a kobold
             ... wielding a +0 short sword
              (3 damage)
             ... on level 4 of the Dungeon.
             The game lasted 00:04:43 (2918 turns).

Vylera the Slasher (Demonspawn Gladiator)           Turns: 2918, Time: 00:04:44

Health: -1/38      AC:  3    Str: 15    XL:     5   Next: 61%
Magic:  5/5        EV: 12    Int:  9    God:
Gold:   240        SH:  0    Dex: 18    Spells: 4/4 levels left

rFire   . . .      SeeInvis .    u - +1 falchion (heavy)
rCold   . . .      Faith    .    (no shield)
rNeg    . . .      Spirit   .    b - +0 leather armour
rPois   .          Reflect  .    (helmet restricted)
rElec   .          Harm     .    (no cloak)
rCorr   .          Rampage  .    (no gloves)
Will    .....                    (no boots)
Stlth   ++                       (no amulet)
HPRegen 0.26/turn                (no ring)
MPRegen 0.18/turn                (no ring)

@: no status effects
A: antennae 1, thin skeletal structure 1, magic regeneration
a: no special abilities


You were on level 4 of the Dungeon.
You visited 1 branch of the dungeon, and saw 4 of its levels.

You collected 240 gold pieces.

Inventory:

Hand Weapons
 a - a +0 long sword
 u - a +1 heavy falchion (weapon)
 y - the +2 short sword "Yfaeson" {pain, rCorr Str+3}
   (You found it on level 4 of the Dungeon)

   Str:       It affects your strength (+3).
   rCorr:     It protects you from acid and corrosion.
Missiles
 d - 3 throwing nets (quivered)
 e - a javelin
 p - 9 poisoned darts
Armour
 b - a +0 leather armour (worn)
 c - a +0 helmet
Jewellery
 o - a ring of protection from cold
Wands
 z - a wand of iceblast (8)
Scrolls
 f - 2 scrolls of magic mapping {unknown}
 h - 2 scrolls of enchant weapon {unknown}
 i - 5 scrolls of identify {unknown}
 l - a scroll of enchant armour {unknown}
 r - a scroll of immolation {unknown}
 s - 3 scrolls of teleportation {unknown}
 t - a scroll of silence {unknown}
Potions
 g - a potion of brilliance {unknown}
 j - 2 potions of curing {unknown}
 k - a potion of cancellation {unknown}
 m - a potion of resistance {unknown}
 n - a potion of flight {unknown}
 q - a potion of berserk rage {unknown}
 v - a potion of invisibility {unknown}
 w - a potion of heal wounds {unknown}
 x - a potion of haste {unknown}


   Skills:
 - Level 2.0 Fighting
 * Level 5.8 Long Blades
 - Level 1.7 Throwing
 - Level 2.6 Dodging


You had 4 spell levels left.
You didn't know any spells.
Your spell library was empty.

Dungeon Overview and Level Annotations

Branches:
Dungeon (4/15)
 Temple: D:4-7

Altars:
Wu Jian


Innate Abilities, Weirdness & Mutations

You have a pair of small antennae on your head.
You have a somewhat thin skeletal structure. (Dex +2, Stealth+)
You regenerate magic rapidly.


Message History

A kobold is nearby!
A phantom comes into view.
A gnoll comes into view.
It is wielding a +0 flail. 2 gnolls come into view.
The kobold shouts!
The kobold throws a poisoned dart.
The poisoned dart hits you!
You are poisoned.
You feel very sick.
You feel sick.
You don't know any spells.
You feel sick.
You barely miss the phantom.
You feel sick. The phantom hits you.
The phantom hits you but does no damage.
You completely miss the phantom.
You feel sick. The phantom barely misses you.
You slash the phantom!
The phantom is heavily damaged.
You feel sick. The phantom misses you. The phantom closely misses you.
You hit the phantom.
The phantom is heavily damaged.
You feel sick.
You are no longer poisoned.
The phantom hits you!
The phantom blinks!
You blink.
Found 3 gold pieces.
The gnoll shouts! x2
You slash the phantom!
The phantom is severely damaged.
The phantom hits you but does no damage.
The phantom hits you. The kobold hits you but does no damage.
The gnoll shouts!
You hit the phantom.
The phantom is almost destroyed.
The kobold closely misses you. The phantom hits you.
* * * LOW HITPOINT WARNING * * *
You barely miss the phantom.
The phantom is almost destroyed.
The kobold hits you with a +0 short sword.
* * * LOW HITPOINT WARNING * * *
The phantom hits you!
* * * LOW HITPOINT WARNING * * *
The kobold hits you with a +0 short sword.
You die...

#..# #.........# #..#
#.........### #..#
#...........# #..###
#......g..... .....#
#..g......... #..#.#
#.......g....
#..#.###########..g....#
...............K.W......
##.....#########@#######
.+.....# #.# ##.....#
#.# #.....# ..# #######
..# ..## .. # $.. ######


You could see a phantom, 3 gnolls and a kobold.

Vanquished Creatures
  A hound (D:4)
  Jessica (D:2)
  An iguana (D:4)
  An orc wizard (D:3)
  3 adders
  3 dart slugs
  5 orcs
  2 endoplasms (D:3)
  3 giant cockroaches
  5 hobgoblins
  13 jackals
  4 quokkas
  7 ball pythons
  5 bats
  4 frilled lizards (D:1)
  3 goblins
  4 kobolds
  4 rats
69 creatures vanquished.

Notes
Turn   | Place    | Note
-------+----------+-------------------------------------------
     0 | D:1      | Vylera the Demonspawn Gladiator began the quest for the
                  | Orb.
     0 | D:1      | Reached XP level 1. HP: 16/16 MP: 1/1
    47 | D:1      | Reached skill level 3 in Long Blades
   126 | D:1      | Gained mutation: You have a pair of small antennae on your
                  | head. [demonic ancestry]
   126 | D:1      | Reached XP level 2. HP: 22/22 MP: 2/2
   695 | D:1      | Reached skill level 4 in Long Blades
   695 | D:1      | Reached XP level 3. HP: 15/27 MP: 3/3
  1083 | D:2      | Gained mutation: You have a somewhat thin skeletal
                  | structure. (Dex +2, Stealth+) [demonic ancestry]
  1083 | D:2      | Reached XP level 4. HP: 33/33 MP: 4/4
  1123 | D:2      | Noticed Jessica
  1142 | D:2      | Killed Jessica
  1230 | D:2      | Reached skill level 5 in Long Blades
  1347 | D:2      | You fall into a shaft and drop 1 floor!
  1478 | D:3      | Found an ornate altar of the Wu Jian Council.
  1539 | D:3      | Gained mutation: You regenerate magic rapidly. [demonic
                  | ancestry]
  1539 | D:3      | Reached XP level 5. HP: 31/38 MP: 5/5
  2759 | D:4      | Identified the +2 short sword "Yfaeson" {pain, rCorr Str+3}
  2901 | D:4      | Noticed a phantom
  2918 | D:4      | Slain by a kobold

Illustrated notes

Levels and vault maps discovered:
D:1:      erik_arrival_orb_chamber, layout_loops_ring, minmay_bisected
D:2:      layout_basic, uniq_jessica
D:3:      layout_basic, nicolae_overflow_crystal_walls,
          chequers_serial_rivers_marsh, serial_park_tiny_1
D:4:      layout_basic, serial_corexii_hall, chequers_hall_statues_corner_a,
          chequers_hall_statues_y, uniq_blork_the_orc

Skill      XL: |  1  2  3  4 |
---------------+-------------+-----
Long Blades    | 3 4 5 |  5.8
Fighting       | |  2.0
Throwing       | |  1.7
Dodging        | |  2.6

Action                   |  1- 3 |  4- 6 || total
-------------------------+-------+-------++-------
Melee: Long sword        |   103 |    53 ||   156
       Punch             |     1 |       ||     1
       Falchion          |       |    35 ||    35
 Stab: Sleeping          |     1 |     3 ||     4
Armor: Leather armour    |    45 |    22 ||    67
Dodge: Dodged            |   107 |    63 ||   170

Table legend: (Time is in decaauts)
 A = Elapsed time spent in this place.
 B = Non-inter-level travel time spent in this place.
 C = Inter-level travel time spent in this place.
 D = Time resting spent in this place.
 E = Time spent auto-exploring this place.
 F = Levels seen in this place.
 G = Mean time per level.
                   A        B        C        D        E       F      G
               +--------+--------+--------+--------+--------+-----+--------+
         Total |   2970 |   2854 |    116 |     55 |   2279 |   4 |  742.5 |
       Dungeon |   2970 |   2854 |    116 |     55 |   2279 |   4 |  742.5 |
               +--------+--------+--------+--------+--------+-----+--------+

Top non-repeatable levels by time:
     D:2: 977 daAuts
     D:3: 924 daAuts
     D:1: 758 daAuts
     D:4: 311 daAuts
